 Dungeon Crawl Stone Soup version 0.25-a0-663-gace7076 (webtiles) character file.

Game seed: 5981986535044073940, levelgen mode: deterministic

107 Lindan9 the Skirmisher (level 4, 0/37 HPs)
             Began as a Demonspawn Abyssal Knight on Mar 25, 2020.
             Was a Follower of Lugonu.
             Succumbed to a worker ant's poison
             ... on level 4 of the Dungeon.
             The game lasted 00:08:57 (1493 turns).

Lindan9 the Skirmisher (Demonspawn Abyssal Knight)  Turns: 1493, Time: 00:08:58

Health: 0/37       AC:  4    Str: 10 (13) XL:     4   Next: 56%
Magic:  6/6        EV: 10    Int: 12 (13) God:    Lugonu [*.....]
Gold:   75         SH:  0    Dex: 12 (13) Spells: 3/3 levels left

rFire    . . .     SeeInvis .   (no weapon)
rCold    . . .     Gourm    .   (no shield)
rNeg     . . .     Faith    .   f - -1 ring mail (curse)
rPois    .         Spirit   .   (no helmet)
rElec    .         Reflect  .   (no cloak)
rCorr    .         Harm     .   (no gloves)
MR       .....                  (no boots)
Stlth    +.........             (no amulet)
HPRegen  0.12/turn              (no ring)
MPRegen  0.10/turn              (no ring)

@: brilliant, lethally poisoned (0 -> -7), flying
A: claws 2
a: Depart the Abyss, Renounce Religion


You were on level 4 of the Dungeon.
You worshipped Lugonu.
Lugonu was aware of your devotion.
You were not hungry.

You visited 1 branch of the dungeon, and saw 3 of its levels.
You visited the Abyss 1 time.

You collected 75 gold pieces.

Inventory:

Hand Weapons
 a - a +1 hand axe
Armour
 b - a +0 leather armour
 f - a cursed -1 ring mail (worn)
Wands
 j - a wand of acid (5)
Scrolls
 e - 3 scrolls of identify {unknown}
 g - a scroll of amnesia {unknown}
 h - a scroll of remove curse {unknown}
Comestibles
 c - 3 rations


   Skills:
 + Level 3.7 Fighting
 + Level 2.7 Axes
 + Level 2.6 Armour
 + Level 1.1 Dodging
 + Level 0.1 Stealth
 + Level 0.3 Unarmed Combat
 + Level 3.1 Invocations


You had 3 spell levels left.
You didn't know any spells.
Your spell library was empty.

Dungeon Overview and Level Annotations

Branches:
Dungeon (2/15)

Altars:


Innate Abilities, Weirdness & Mutations

You have very sharp fingernails.


Message History

You fly up into the air.
* * * LOW HITPOINT WARNING * * *
You feel sick.
It was a potion of brilliance.
You feel clever all of a sudden.
* * * LOW HITPOINT WARNING * * *
You feel sick.
It was a potion of degeneration.
There was something very wrong with that liquid.
You feel weakened.
You feel dopey.
You feel clumsy.
* * * LOW HITPOINT WARNING * * *
You feel sick.
You aren't carrying any potions.
* * * LOW HITPOINT WARNING * * *
You feel sick.
* * * LOW HITPOINT WARNING * * *
You feel sick.
* * * LOW HITPOINT WARNING * * *
You feel sick.
You die...

.)....# ...
..... .... .....
#..... ....#
#.....#.....
#.....##.#.###
#...)....#...###
#.##..#.@#......
#.##..#...#...#
#..........#..#
#...........#...
#............#
#.........##..#
#.........##..#
#............#..
#....†......#...


There were no monsters in sight!

Vanquished Creatures
  2 worker ants (D:4)
  4 adders (D:2)
  An adder skeleton (D:4)
  A dart slug (D:2)
  A ball python (D:4)
  A giant cockroach (D:1)
  2 hobgoblins (D:2)
  A kobold (D:2)
  A bat (D:1)
  2 frilled lizards (D:2)
  4 goblins (D:1)
  2 rats
22 creatures vanquished.

Notes
Turn   | Place    | Note
-------+----------+-------------------------------------------
     0 | Abyss:1  | Lindan9 the Demonspawn Abyssal Knight began the quest for
                  | the Orb.
     0 | Abyss:1  | Reached XP level 1. HP: 18/18 MP: 2/2
   113 | Abyss:1  | Noticed a neqoxec
   114 | D:1      | Escaped the Abyss
   680 | D:2      | Gained mutation: You have sharp fingernails. [demonic
                  | ancestry]
   680 | D:2      | Reached XP level 2. HP: 22/24 MP: 3/3
   724 | D:2      | Reached * piety under Lugonu
   759 | D:2      | Gained mutation: You have very sharp fingernails. [demonic
                  | ancestry]
   759 | D:2      | Reached XP level 3. HP: 4/29 MP: 5/5
   772 | D:2      | HP: 1/29 [poisoned by an adder]
  1320 | D:2      | You fall into a shaft and drop 2 floors!
  1336 | D:4      | Reached skill level 1 in Dodging
  1336 | D:4      | Reached XP level 4. HP: 21/36 MP: 6/6
  1492 | D:4      | HP: 1/37 [poisoned by a worker ant]
  1493 | D:4      | Succumbed to a worker ant's poison

Levels and vault maps discovered:
D:1:      minmay_arrival_four_houses, layout_rooms
D:2:      layout_basic
D:4:      layout_basic, minivault_26, st_stairs_8

Skill      XL: |  1  2  3 |
---------------+----------+-----
Axes           | 2 |  2.7
Armour         | 2 |  2.6
Invocations    | 3 |  3.1
Dodging        | 1 |  1.1
Fighting       | |  3.7
Stealth        | |  0.1
Unarmed Combat | |  0.3

Action                   |  1- 3 |  4- 6 || total
-------------------------+-------+-------++-------
Melee: Hand axe          |    69 |       ||    69
       Unarmed           |    12 |    13 ||    25
Invok: Depart the Abyss  |     1 |       ||     1
  Use: Potion            |       |     3 ||     3
  Eat: Ration            |     1 |       ||     1
Armor: Leather armour    |     6 |       ||     6
       Ring mail         |    20 |     2 ||    22
Dodge: Dodged            |    48 |     8 ||    56

Table legend:
 A = Non-vault XP
 B = Vault XP
 C = Vault XP percentage of total XP
 D = Non-vault monster count
 E = Vault monster count
 F = Vault count percentage of total count
                 A         B        C        D         E       F
            +---------+---------+-------+---------+---------+-------
      Total |     153 |       0 |   0.0 |      22 |       0 |   0.0
            +---------+---------+-------+---------+---------+-------
        D:1 |      11 |       0 |   0.0 |       7 |       0 |   0.0
        D:2 |      67 |       0 |   0.0 |      11 |       0 |   0.0
        D:4 |      75 |       0 |   0.0 |       4 |       0 |   0.0
            +---------+---------+-------+---------+---------+-------
